 Dungeon Crawl Stone Soup version 0.27-a0-965-gbf8bb431c4 (webtiles) character file.

Game seed: 517097482013141769

7203 wakim the Fighter (level 10, 0/94 HPs)
             Began as a Minotaur Fighter on Apr 12, 2021.
             Was an Elder of Dithmenos.
             Slain by a freezing wraith (7 damage)
             ... on level 9 of the Dungeon.
             The game lasted 00:25:43 (12910 turns).

wakim the Fighter (Minotaur Fighter)               Turns: 12910, Time: 00:25:44

Health: 0/94       AC: 16    Str: 24    XL:     10   Next: 87%
Magic:  0/9        EV:  9    Int: 10    God:    Dithmenos [****..]
Gold:   656        SH: 11    Dex: 10    Spells: 9/9 levels left

rFire    . . .     SeeInvis .   b - +5 trident of the Past {flame, rF- Int+5}
rCold    . . .     Faith    .   c - +0 kite shield
rNeg     . . .     Spirit   +   l - +0 chain mail
rPois    .         Reflect  .   (helmet restricted)
rElec    .         Harm     .   f - +0 cloak
rCorr    .         Rampage  .   q - +0 pair of gloves
Will     +....                  j - +0 pair of boots
Stlth    ..........             d - amulet of guardian spirit
HPRegen  0.25/turn              n - ring of protection from fire
MPRegen  0.11/turn              v - ring of willpower

@: slowed, wreathed by umbra, very slow
A: horns 2, retaliatory headbutt
a: Renounce Religion, Shadow Step


You were on level 9 of the Dungeon.
You worshipped Dithmenos.
Dithmenos was greatly pleased with you.
You visited 2 branches of the dungeon, and saw 10 of its levels.

You collected 656 gold pieces.

Inventory:

Hand Weapons
 a - a +1 flail of draining
 b - the +5 trident of the Past (weapon) {flame, rF- Int+5}
   (You found it on level 5 of the Dungeon)

   It has been specially enchanted to burn those struck by it, causing extra
   injury to most foes and up to half again as much damage against particularly
   susceptible opponents.
   It affects your intelligence (+5).
   It makes you vulnerable to fire.
Missiles
 g - 2 throwing nets {=f!f}
 i - 2 boomerangs (quivered)
 t - 2 atropa-tipped darts
Armour
 c - a +0 kite shield (worn)
 f - a +0 cloak (worn)
 j - a +0 pair of boots (worn)
 l - a +0 chain mail (worn)
 q - a +0 pair of gloves (worn)
Jewellery
 d - an amulet of guardian spirit (around neck)
 n - a ring of protection from fire (left hand)
 s - a ring of poison resistance
 v - a ring of willpower (right hand)
Wands
 h - a wand of charming (10)
 u - a wand of mindburst (6)
 x - a wand of iceblast (29)
 y - a wand of paralysis (8)
Scrolls
 k - a scroll of holy word {unknown}
 m - 3 scrolls of enchant weapon
 R - a scroll of magic mapping {!r}
 T - a scroll of teleportation
 U - 3 scrolls of fear
 X - a scroll of fog
Potions
 e - a potion of mutation {unknown}
 o - a potion of heal wounds {unknown}
 B - a potion of attraction {!q}
 D - 8 potions of brilliance
 F - 2 potions of curing
 G - a potion of flight
 I - a potion of invisibility
 N - 2 potions of might
 O - a potion of resistance


   Skills:
 * Level 10.7 Fighting
 * Level 10.4 Maces & Flails
 * Level 10.6 Armour
 + Level 6.1 Dodging
 + Level 7.9 Shields


You had 9 spell levels left.
You didn't know any spells.
Your spell library contained the following spells:

 Spells                   Type           Power      Damage    Failure   Level
 Corona                   Hex            0%         N/A       99%         1
 Ensorcelled Hibernation  Hex/Ice        0%         N/A       100%        2
 Confusing Touch          Hex            0%         N/A       100%        3
 Dazzling Flash           Conj/Hex       0%         N/A       100%        3
 Tukima's Dance           Hex            0%         N/A       100%        3


Dungeon Overview and Level Annotations

Branches:
Dungeon (9/15)             Temple (1/1) D:7
   Lair: D:8-11         Orc: D:9-12

Altars:
Ashenzari
Cheibriados
Dithmenos
Elyvilon
Fedhas
Gozag
Hepliaklqana
Kikubaaqudgha
Makhleb
Nemelex Xobeh
Okawaru
Qazlal
Ru
Sif Muna
Trog
Uskayaw
Vehumet
Wu Jian
Xom
Yredelemnul
Zin
The Shining One


Innate Abilities, Weirdness & Mutations

You have a pair of horns on your head.
You reflexively headbutt those who attack you in melee.


Message History

You block the freezing wraith's attack. The freezing wraith closely misses you.
The freezing wraith hits you but does no damage.
You block the freezing wraith's attack. The freezing wraith hits you.
The freezing wraith freezes you!!
* * * LOW HITPOINT WARNING * * *
The freezing wraith hits you.
* * * LOW HITPOINT WARNING * * *
The freezing wraith drains your vigour!
You feel as though you will be slow longer.
You hit the freezing wraith. You burn the freezing wraith.
The freezing wraith is severely damaged.
You block the freezing wraith's attack.
The freezing wraith hits you but does no damage. x2
You block the freezing wraith's attack.
You hit the freezing wraith. You burn the freezing wraith.
The freezing wraith is severely damaged.
The freezing wraith hits you.
* * * LOW HITPOINT WARNING * * *
The freezing wraith freezes you!
* * * LOW HITPOINT WARNING * * *
The freezing wraith hits you but does no damage.
The freezing wraith hits you.
* * * LOW HITPOINT WARNING * * *
The freezing wraith freezes you!
* * * LOW HITPOINT WARNING * * *
The freezing wraith hits you.
* * * LOW HITPOINT WARNING * * *
The freezing wraith barely misses you. You furiously retaliate!
You headbutt the freezing wraith, but do no damage.
The freezing wraith hits you but does no damage.
The freezing wraith barely misses you. The freezing wraith closely misses you.
There is an open door here.
You block the freezing wraith's attack. x2
There is a stone staircase leading down here.
The freezing wraith closely misses you. You block the freezing wraith's attack.
There is a stone staircase leading up, spattered with blood here.
The freezing wraith hits you.
* * * LOW HITPOINT WARNING * * *
The freezing wraith freezes you!
You die...

.####### .. .. #######... .# ♣.♣
♣. .♣ ♣.♣.#... .# ♣.♣ ♣.♣.♣
♣♣..#... .#♣♣.♣♣ .♣♣♣♣♣...♣♣♣♣♣.
♣♣...#... .#♣...♣
...............#♣..♣.#... .#♣...♣
### ##'########..♣♣)#... .#♣...♣
♣♣.♣♣#...#.....#.♣♣♣.#)..
.#♣...♣♣♣.♣.♣♣...♣.♣.♣.♣♣♣♣♣.#...
.........♣♣♣.'>8@'.♣.♣...........
.#♣...♣♣♣.♣.♣♣.W.♣.♣♣♣.♣♣♣♣♣.#...
.#♣...♣ ♣♣.♣♣#...#.♣ ♣.# ♣♣..#...
.#♣...♣ #######'########♣♣...#...
.#♣...♣#♣...♣♣...♣♣...♣#♣..♣.#...
.#♣♣.♣♣#.♣♣♣..♣♣♣..♣♣♣.#..♣♣.#...
W# ♣.♣ #.♣ ♣..♣ ♣..♣ ♣.#.♣♣.♣#...
.# ♣.♣ #.♣♣♣..♣♣♣..♣♣♣.#♣♣.♣♣#...
.# ### #♣...♣♣...♣♣...♣# ### #...


You could see a freezing wraith.

Vanquished Creatures
  An ugly thing (D:7)
  A cyclops (D:9)
  Joseph (D:7)
  A troll (D:8)
  Prince Ribbit (D:7)
  A shadow (D:9)
  Sigmund (D:2)
  Eustachio (D:6)
  A vampire mosquito (D:9)
  2 steam dragons
  Menkaure (D:4)
  A water moccasin (D:9)
  4 orc warriors (D:9)
  2 black bears
  A necrophage (D:6)
  8 centaurs
  3 ogres
  2 phantoms
  6 kobold brigands
  3 bullfrogs
  2 wyvern zombies
  2 gnoll sergeants (D:6)
  2 scorpions
  A wyvern skeleton (D:7)
  13 killer bees
  3 wights (D:8)
  5 howler monkeys
  2 electric eels (D:8)
  2 centaur zombies
  2 bullfrog zombies (D:5)
  2 jellies
  3 orc priests
  4 hounds
  2 gnoll shamans
  Crazy Yiuf (D:2)
  6 orc wizards
  A killer bee zombie (D:4)
  A hound zombie (D:5)
  A howler monkey zombie (D:9)
  18 gnolls
  8 adders
  A shadow imp (D:7)
  3 white imps
  An adder skeleton (D:4)
  4 worms
  3 dart slugs
  20 orcs
  6 ball pythons
  4 endoplasms
  3 goblins
  13 hobgoblins
  15 jackals
  A quokka (D:2)
  2 bats
  5 frilled lizards
  23 kobolds
  4 rats
231 creatures vanquished.

Vanquished Creatures (others)
  37 plants
37 creatures vanquished.

Grand Total: 268 creatures vanquished

Notes
Turn   | Place    | Note
-------+----------+-------------------------------------------
     0 | D:1      | wakim the Minotaur Fighter began the quest for the Orb.
     0 | D:1      | Reached XP level 1. HP: 19/19 MP: 0/0
   456 | D:1      | Reached XP level 2. HP: 27/27 MP: 1/1
  1052 | D:2      | Reached XP level 3. HP: 22/33 MP: 0/2
  1202 | D:2      | Found a faded altar of an unknown god.
  1347 | D:2      | Became a worshipper of Dithmenos the Shadowed
  1347 | D:2      | Reached * piety under Dithmenos
  1422 | D:2      | Noticed Sigmund
  1433 | D:2      | Killed Sigmund
  1434 | D:2      | Reached skill level 1 in Dodging
  1434 | D:2      | Reached XP level 4. HP: 5/41 MP: 0/3
  1434 | D:2      | Reached XP level 5. HP: 5/47 MP: 0/4
  1804 | D:2      | Reached skill level 5 in Armour
  2215 | D:2      | Found a runed translucent door.
  2216 | D:2      | Noticed Crazy Yiuf
  2221 | D:2      | Killed Crazy Yiuf
  2222 | D:2      | Reached skill level 5 in Fighting
  2611 | D:2      | Reached XP level 6. HP: 48/56 MP: 3/5
  2858 | D:3      | Reached ** piety under Dithmenos
  3561 | D:3      | Reached skill level 5 in Maces & Flails
  3845 | D:4      | Reached XP level 7. HP: 58/62 MP: 4/6
  3908 | D:4      | Noticed Menkaure
  3916 | D:4      | Killed Menkaure
  3917 | D:4      | Reached skill level 5 in Shields
  4746 | D:5      | Entered Level 5 of the Dungeon
  5186 | D:5      | Reached XP level 8. HP: 67/71 MP: 7/7
  5245 | D:5      | Found a shimmering blue altar of Sif Muna.
  5774 | D:5      | Identified the +5 trident of the Past {flame, rF- Int+5}
  5997 | D:6      | Reached *** piety under Dithmenos
  6615 | D:6      | Found an opulent altar of Gozag.
  7020 | D:6      | Reached XP level 9. HP: 76/81 MP: 8/8
  7592 | D:6      | Noticed Eustachio
  7612 | D:6      | Killed Eustachio
  8082 | D:7      | Found a staircase to the Ecumenical Temple.
  8154 | Temple   | Entered the Ecumenical Temple
  8413 | D:7      | Noticed Prince Ribbit
  8441 | D:7      | Killed Prince Ribbit
  8569 | D:7      | Found a sacrificial altar of Ru.
  8938 | D:7      | Noticed Joseph
  8959 | D:7      | Killed Joseph
  9422 | D:8      | Reached skill level 5 in Dodging
  9500 | D:8      | Reached XP level 10. HP: 91/91 MP: 9/9
  9500 | D:8      | Reached **** piety under Dithmenos
 10724 | D:9      | Noticed a two-headed ogre
 11004 | D:8      | Noticed a rust devil
 11015 | D:8      | Noticed a sun demon
 11016 | D:9      | Noticed a purple ugly thing
 11028 | D:8      | Noticed an orange demon
 11082 | D:7      | Killed a purple ugly thing
 11600 | D:9      | Reached skill level 10 in Fighting
 11759 | D:9      | Reached skill level 10 in Armour
 12085 | D:9      | Reached skill level 10 in Maces & Flails
 12286 | D:9      | Noticed a cyclops
 12292 | D:9      | Killed a cyclops
 12910 | D:9      | Slain by a freezing wraith

Illustrated notes

Levels and vault maps discovered:
D:1:      evilmike_arrival_rings, layout_basic
D:2:      layout_loops_corners, hellmonk_ecumenical_altar_run_dry, uniq_sigmund,
          uniq_crazy_yiuf_cottage
D:3:      layout_rooms, kennysheep_small_spiral, minmay_splitting_lines
D:4:      layout_loops_ring, grunt_ministairs_10, uniq_menkaure
D:5:      layout_loops_ring, nicolae_sif_muna_condensation, minivault_14,
          minmay_misc_feat_iff
D:6:      kennysheep_housing_project, layout_gridville,
          nicolae_gozag_cash_rules_everything_around_me, uniq_eustachio
D:7:      layout_gridville, kennysheep_little_box, minmay_temple_entry_slanted,
          uniq_prince_ribbit1, uniq_joseph
D:8:      layout_basic, minmay_misc_feat_columns, serial_bayou_ford_a,
          amcnicky_mini_corridor_feature, nicolae_water_bricks
D:9:      nzn_winding_woodlands_stair_cross [nzn_winding_woodlands_5x15_pockets,
          nzn_winding_woodlands_center_lodge, nzn_winding_woodlands_5x15_zeroes,
          nzn_winding_woodlands_5x5_three,
          nzn_winding_woodlands_5x5_closed_star,
          nzn_winding_woodlands_5x15_concentric,
          nzn_winding_woodlands_center_garden,
          nzn_winding_woodlands_5x15_default], layout_irregular_city,
          hangedman_decor_points
Temple:   eino_narrow_crystal_temple

Skill      XL: |  1  2  3  4  5  6  7  8  9 10 |
---------------+-------------------------------+-----
Armour         | 4 5 6 7 9 10 | 10.6
Maces & Flails | 3 4 5 6 7 9 10 | 10.4
Fighting       | 4 5 6 8 9 10 | 10.7
Dodging        | 1 2 3 4 5 6 |  6.1
Shields        | 4 5 6 7 |  7.9

Action                   |  1- 3 |  4- 6 |  7- 9 | 10-12 || total
-------------------------+-------+-------+-------+-------++-------
Melee: Flail             |    69 |    97 |   341 |   201 ||   708
       Headbutt          |     7 |    13 |    66 |    38 ||   124
       Trident           |       |       |       |     9 ||     9
Invok: Shadow Step       |       |       |     1 |       ||     1
Evoke: Wand              |       |       |     6 |     2 ||     8
  Use: Scroll            |     3 |     4 |     6 |     6 ||    19
       Potion            |       |       |       |     1 ||     1
Armor: Scale mail        |    31 |    46 |    32 |       ||   109
       Chain mail        |       |       |   154 |   145 ||   299
Dodge: Dodged            |    26 |    43 |   142 |   101 ||   312
Block: Kite shield       |    34 |    51 |   235 |   164 ||   484

Table legend: (Time is in decaauts)
 A = Elapsed time spent in this place.
 B = Non-inter-level travel time spent in this place.
 C = Inter-level travel time spent in this place.
 D = Time resting spent in this place.
 E = Time spent auto-exploring this place.
 F = Levels seen in this place.
 G = Mean time per level.
                   A        B        C        D        E       F      G
               +--------+--------+--------+--------+--------+-----+--------+
         Total |  13087 |  12466 |    621 |    354 |   9947 |  10 | 1308.7 |
       Dungeon |  12836 |  12228 |    608 |    354 |   9710 |   9 | 1426.2 |
        Temple |    251 |    238 |     13 |      0 |    237 |   1 |  251.0 |
               +--------+--------+--------+--------+--------+-----+--------+

Top non-repeatable levels by time:
     D:6: 2003 daAuts
     D:8: 2001 daAuts
     D:7: 1784 daAuts
     D:2: 1753 daAuts
     D:9: 1132 daAuts
     D:3: 1084 daAuts
     D:4: 1059 daAuts
     D:1: 1025 daAuts
     D:5: 991 daAuts
  Temple: 251 daAuts
